 Dungeon Crawl Stone Soup version 0.22-a0-568-g270d1ae (webtiles) character file.

35889 royokou the Devastator (level 13, -22/82 HPs)
             Began as a Deep Elf Conjurer on June 29, 2018.
             Was a High Priest of Vehumet.
             Annihilated by a spiny frog (31 damage)
             ... on level 5 of the Lair of Beasts on June 30, 2018.
             The game lasted 02:07:40 (20428 turns).

royokou the Devastator (Deep Elf Conjurer)         Turns: 20428, Time: 02:07:41

Health: -22/82     AC: 16    Str:  7    XL:     13   Next: 50%
Magic:  31/41      EV: 32    Int: 24    God:    Vehumet [*****.]
Gold:   746        SH:  0    Dex: 25    Spells: 13/39 levels left

rFire    + . .     SeeInvis .   i - +1 short sword (freeze)
rCold    x . .     Gourm    .   (no shield)
rNeg     . . .     Faith    .   Q - +5 ring mail "Xexzehy" {Dex+4}
rPois    .         Spirit   .   A - +0 hat
rElec    .         Reflect  .   o - +0 cloak
rCorr    .         Harm     .   K - +1 pair of gloves
MR       +....                  d - +2 pair of boots {run}
Stlth    ++........             p - amulet of the acrobat
HPRegen  0.23/turn              x - ring of magical power
MPRegen  0.27/turn              I - ring "Hirarap" {Fire Dex+6}

@: lethally poisoned (-22 -> -23), sleeping, quick
A: no striking features
a: Renounce Religion


You were on level 5 of the Lair of Beasts.
You worshipped Vehumet.
Vehumet was extremely pleased with you.
You were very hungry.

You visited 3 branches of the dungeon, and saw 17 of its levels.

You collected 906 gold pieces.
You spent 160 gold pieces at shops.

Inventory:

Hand Weapons
 i - a +1 short sword of freezing (weapon)
 j - a +0 rapier
 M - the +10 rapier "Hiyxzou" {pierce, +Inv Str-5 Int+2}
   (You found it on level 8 of the Dungeon)

   It inflicts extra damage upon your enemies.
   It affects your strength (-5).
   It affects your intelligence (+2).
   It lets you turn invisible.
Armour
 d - a +2 pair of boots of running (worn)
 g - a +1 leather armour
 o - a +0 cloak (worn)
 s - a +0 scale mail
 v - a +3 ring mail
 A - a +0 hat (worn)
 K - a +1 pair of gloves (worn)
 Q - the +5 ring mail "Xexzehy" (worn) {Dex+4}
   (You found it on level 7 of the Dungeon)

   It affects your dexterity (+4).
Jewellery
 a - a +1 ring of evasion
 p - an amulet of the acrobat (around neck)
 x - a ring of magical power (left hand)
 I - the ring "Hirarap" (right hand) {Fire Dex+6}
   (You found it on level 3 of the Lair of Beasts)

   [ring of fire]

   It enhances your fire magic.
   It affects your dexterity (+6).
   It protects you from fire.
   It makes you vulnerable to cold.
 J - an uncursed amulet of faith
 R - an uncursed ring of protection from cold
 S - an uncursed ring of stealth
Wands
 B - a wand of disintegration (10)
 C - a wand of polymorph (37)
 F - a wand of scattershot (3)
 G - a wand of random effects (39)
 H - a wand of acid (7)
Scrolls
 b - a scroll of fear
 e - a scroll of enchant armour
 m - 3 scrolls of remove curse
 q - 3 scrolls of amnesia
 r - 2 scrolls of immolation
 y - 6 scrolls of teleportation
 E - 2 scrolls of vulnerability
 L - 7 scrolls of identify
 O - a scroll of enchant weapon
 P - 3 scrolls of fog
 U - a scroll of magic mapping {unknown}
Potions
 f - 10 potions of curing
 h - 3 potions of mutation
 k - 2 potions of cancellation
 l - a potion of invisibility
 n - 4 potions of agility
 t - 2 potions of might
 u - a potion of heal wounds
 w - 2 potions of brilliance
 z - a potion of berserk rage
 D - a potion of resistance
 N - 2 potions of flight
 T - 2 potions of degeneration
Comestibles
 c - 29 rations


   Skills:
 - Level 10.0 Fighting
 - Level 10.1 Dodging
 - Level 2.4 Stealth
 + Level 13.7 Spellcasting
 * Level 15.6 Conjurations
 - Level 7.0 Charms


You had 13 spell levels left.
You knew the following spells:

 Your Spells              Type           Power        Failure   Level  Hunger
a - Magic Dart            Conj           ####         0%          1    None
b - Searing Ray           Conj           ######       1%          2    None
c - Dazzling Spray        Conj/Hex       ######       1%          3    None
d - Iskenderun's Mystic   Conj           #######.     1%          4    None
e - Flame Tongue          Conj/Fire      #####        1%          1    None
f - Iskenderun's Battles  Conj/Chrm      ######..     1%          5    ###....
g - Conjure Flame         Conj/Fire      ######..     1%          3    None
h - Orb of Destruction    Conj           #######...   4%          7    ######.

Your spell library contained the following spells:

 Spells                   Type           Power        Failure   Level  Hunger
 Fireball                 Conj/Fire      ######....   4%          5    ###....
 Apportation              Tloc           ###...       13%         1    None
 Bolt of Magma            Conj/Fire/Erth ######....   11%         5    ###....
 Slow                     Hex            ###.....     19%         2    None
 Confuse                  Hex            ###.....     36%         3    None
 Throw Flame              Conj/Fire      ######       1%          2    None
 Mephitic Cloud           Conj/Pois/Air  #####...     1%          3    None
 Venom Bolt               Conj/Pois      ######....   4%          5    ###....
 Summon Small Mammal      Summ           ###.         13%         1    None
 Blink                    Tloc           N/A          19%         2    None
 Animate Skeleton         Necr           N/A          13%         1    None
 Sticky Flame             Conj/Fire      ######..     1%          4    None
 Call Imp                 Summ           ###.....     19%         2    None
 Tukima's Dance           Hex            ###.....     36%         3    None
 Iron Shot                Conj/Erth      ######....   21%         6    #####..
 Confusing Touch          Hex            ###...       13%         1    None
 Ensorcelled Hibernation  Hex/Ice        ###...       19%         2    None
 Corona                   Hex            ###....      13%         1    None
 Inner Flame              Hex/Fire       ###.....     11%         3    None
 Fulminant Prism          Conj/Hex       ######....   1%          4    None
 Force Lance              Conj/Tloc      ######..     1%          4    None
 Spellforged Servitor     Conj/Summ      ######....   69%         7    ######.


Dungeon Overview and Level Annotations

Branches:
Dungeon (11/15)            Temple (1/1) D:5            Lair (5/6) D:9
 Shoals (0/4) Lair:4        Snake (0/4) Lair:4          Orc (0/2) D:11
  Slime: Lair:5-6

Altars:
Ashenzari
Cheibriados
Dithmenos
Elyvilon
Fedhas
Gozag
Hepliaklqana
Kikubaaqudgha
Makhleb
Nemelex Xobeh
Okawaru
Qazlal
Sif Muna
Trog
Uskayaw
Vehumet
Wu Jian
Xom
Yredelemnul
Zin
The Shining One

Shops:
D:7 }}[*

Annotations:
Lair:2 exclusion: 4 oklob plants


Message History

You fall asleep.
You feel sick. The blink frog completely misses you.
The spiny frog completely misses you.
The water moccasin completely misses you.
You wake up.
The dream sheep bites the fungus.
You feel sick.
The blink frog blinks!
You feel sick.
The blink frog blinks! x2
The dream sheep shake their wool and sparkle.
You feel drowsy...
You fall asleep.
The spiny frog completely misses you. The water moccasin misses you.
The spiny frog completely misses you.
You feel sick.
The water moccasin bites you but does no damage.
The spiny frog completely misses you. The water moccasin misses you.
The hippogriff completely misses you. x2
The hippogriff misses you. The blink frog misses you.
The spiny frog stings you!!
You die...

.......#.###..............#...
.........##...P..........P....
.....#...#....................
......#.......................
..>.......#%...................
#........#.##†.................
.......!.....?<................
#..............F...............
...P..........@Ht......P..P....
..............SFt.........%%..Y
.............##Y.........%P%..r
...............FYY.%%.#..%%....
.....§.........Y.%Y............
...##.....#....#YY.............
..##.....P...P....Y%.P......#.
.........P.#...#....P.......#
...........#.P#...........


You could see 2 elephants, a hippogriff, a spiny frog, 2 blink frogs, a water
moccasin, 2 crocodiles and 6 dream sheep.

Vanquished Creatures
  Gastronok (Lair:3)
  A hydra (Lair:1)
  2 two-headed ogres
  6 death yaks
  2 manticores (Lair:2)
  A faun (Lair:3)
  2 elephants
  2 black mambas
  A centaur zombie (D:11)
  A merfolk siren (Lair:4)
  6 spiny frogs
  A rime drake (Lair:2)
  4 komodo dragons
  A queen bee (Lair:2)
  8 blink frogs
  A hornet (D:9)
  Grinder (D:6)
  5 slime creatures (D:9)
  8 hippogriffs
  A vampire (D:11)
  A spriggan (D:8)
  37 yaks
  5 wyverns
  3 basilisks (Lair:2)
  2 hungry ghosts (D:11)
  Menkaure (D:7)
  2 nagas (Lair:4)
  6 water moccasins
  4 porcupines
  3 orc warriors
  2 black bears
  3 sky beasts
  2 ice beasts
  4 ogres
  4 necrophages
  5 centaurs
  33 wolves
  9 crocodiles
  9 bullfrogs
  A big kobold (D:8)
  6 scorpions
  A water moccasin skeleton (D:9)
  31 killer bees
  2 troll zombies (D:11)
  4 howler monkeys
  4 crimson imps
  3 jellies (D:8)
  A bullfrog zombie (D:9)
  5 hounds
  5 orc priests
  9 orc wizards
  A bullfrog skeleton (D:7)
  2 centaur skeletons
  7 iguanas
  A gnoll shaman (D:7)
  11 worker ants
  6 ogre zombies (D:11)
  A hound skeleton (D:9)
  6 gnolls
  9 adders
  2 shadow imps
  2 oozes
  3 adder skeletons
  A worm (D:3)
  2 dart slugs
  3 leopard geckos
  36 orcs
  6 bats
  5 giant cockroaches
  5 hobgoblins
  7 jackals
  8 kobolds
  4 quokkas
  A ball python (D:4)
  2 frilled lizards (D:3)
  5 goblins
  A goblin skeleton (D:11)
  A goblin zombie (D:11)
  3 hobgoblin zombies (D:11)
  A jackal skeleton (D:4)
  2 orc skeletons (D:11)
  18 orc zombies (D:11)
  13 rats
437 creatures vanquished.

Vanquished Creatures (others)
  An orc priest (D:8)
  9 fungi
  7 plants
17 creatures vanquished.

Grand Total: 454 creatures vanquished

Notes
Turn   | Place    | Note
-------+----------+-------------------------------------------
     0 | D:1      | royokou the Deep Elf Conjurer began the quest for the Orb.
     0 | D:1      | Reached XP level 1. HP: 10/10 MP: 6/6
   253 | D:1      | Reached XP level 2. HP: 15/15 MP: 4/8
   257 | D:1      | Learned a level 2 spell: Searing Ray
   443 | D:1      | Reached skill level 5 in Conjurations
   779 | D:2      | Reached XP level 3. HP: 19/19 MP: 3/10
  1140 | D:3      | Reached XP level 4. HP: 22/24 MP: 3/12
  1222 | D:3      | Learned a level 3 spell: Dazzling Spray
  1227 | D:3      | Learned a level 4 spell: Iskenderun's Mystic Blast
  1267 | D:3      | Found a shadowy altar of Dithmenos.
  1458 | D:3      | Reached skill level 6 in Conjurations
  1651 | D:3      | Found a glowing golden altar of the Shining One.
  1707 | D:3      | Reached XP level 5. HP: 18/28 MP: 9/14
  2263 | D:4      | Reached skill level 5 in Spellcasting
  2850 | D:5      | Entered Level 5 of the Dungeon
  2925 | D:5      | Reached skill level 7 in Conjurations
  2925 | D:5      | Reached XP level 6. HP: 32/32 MP: 11/16
  3177 | D:5      | Found a snail-covered altar of Cheibriados.
  3501 | D:5      | Found a staircase to the Ecumenical Temple.
  3510 | Temple   | Entered the Ecumenical Temple
  3526 | Temple   | Became a worshipper of Vehumet
  4265 | D:6      | Reached skill level 8 in Conjurations
  4315 | D:6      | Reached XP level 7. HP: 36/36 MP: 8/18
  4710 | D:6      | Reached skill level 9 in Conjurations
  5039 | D:6      | Identified a +1 pair of boots of running (You found it on level 6 of the Dungeon)
  5141 | D:6      | Noticed Grinder
  5149 | D:6      | Killed Grinder
  5149 | D:6      | Reached XP level 8. HP: 26/41 MP: 1/21
  5261 | D:6      | You fall through a shaft for 2 floors!
  5374 | D:8      | Reached * piety under Vehumet
  5374 | D:8      | Offered knowledge of Flame Tongue by Vehumet.
  5377 | D:8      | Learned a level 1 spell: Flame Tongue
  5389 | D:8      | Found a stormy altar of Qazlal.
  5605 | D:8      | Learned a level 5 spell: Iskenderun's Battlesphere
  5645 | D:8      | You fall through a shaft!
  5656 | D:9      | Reached skill level 10 in Conjurations
  5656 | D:9      | Reached skill level 1 in Charms
  5671 | D:9      | Noticed a slime creature
  5683 | D:9      | Killed a slime creature
  5874 | D:9      | Noticed a slime creature
  5874 | D:9      | Noticed a slime creature
  5904 | D:9      | Reached skill level 5 in Charms
  6027 | D:9      | Reached XP level 9. HP: 42/45 MP: 9/24
  6551 | D:9      | Reached skill level 1 in Fighting
  6772 | D:9      | Reached skill level 5 in Dodging
  6999 | D:9      | Found a staircase to the Lair.
  6999 | D:9      | Noticed a two-headed ogre
  7007 | D:9      | Killed a two-headed ogre
  7007 | D:9      | Offered knowledge of Throw Frost by Vehumet.
  7007 | D:9      | Reached XP level 10. HP: 57/57 MP: 17/25
  7025 | D:8      | Got a crystal rapier
  7026 | D:8      | Identified the +10 rapier "Hiyxzou" {pierce, +Inv Str-5 Int+2} (You found it on level 8 of the Dungeon)
  7171 | D:8      | Reached ** piety under Vehumet
  7234 | D:8      | Noticed a two-headed ogre
  7752 | D:8      | Reached skill level 5 in Fighting
  7806 | D:8      | Killed a two-headed ogre
  8205 | D:8      | Found an opulent altar of Gozag.
  8317 | D:7      | Found a bloodstained altar of Trog.
  8317 | D:7      | Found a blossoming altar of Fedhas.
  8704 | D:7      | Found Jemew's Armour Shoppe.
  9041 | D:7      | Found User's Gadget Emporium.
  9064 | D:7      | Found Veseril's Gadget Boutique.
  9183 | D:7      | Got a shimmering ring mail
  9194 | D:7      | Identified the +5 ring mail "Xexzehy" {Dex+4} (You found it on level 7 of the Dungeon)
  9290 | D:7      | Found Guerphu's Assorted Antiques.
  9292 | D:7      | Noticed Menkaure
  9298 | D:7      | Killed Menkaure
  9301 | D:7      | Bought a notched granite ring for 160 gold pieces
  9631 | D:6      | Found a shattered altar of Ashenzari.
 10149 | D:10     | Entered Level 10 of the Dungeon
 10380 | D:10     | Offered knowledge of Conjure Flame by Vehumet.
 10389 | D:10     | Learned a level 3 spell: Conjure Flame
 11006 | D:10     | Reached *** piety under Vehumet
 11706 | D:11     | Reached XP level 11. HP: 52/66 MP: 17/26
 11815 | D:11     | Offered knowledge of Static Discharge by Vehumet.
 12272 | D:11     | Reached **** piety under Vehumet
 12276 | D:11     | Found a staircase to the Orcish Mines.
 12532 | D:11     | Offered knowledge of Stone Arrow by Vehumet.
 12534 | D:11     | Reached skill level 10 in Dodging
 13206 | Lair:1   | Entered Level 1 of the Lair of Beasts
 13637 | Lair:1   | Reached skill level 10 in Fighting
 13729 | Lair:1   | Noticed an eight-headed hydra
 13734 | Lair:1   | Killed an eight-headed hydra
 13734 | Lair:1   | Reached skill level 11 in Conjurations
 14069 | Lair:1   | Reached skill level 10 in Spellcasting
 14244 | Lair:1   | Reached XP level 12. HP: 61/76 MP: 2/28
 14710 | Lair:1   | Reached skill level 12 in Conjurations
 14832 | Lair:1   | Learned a level 7 spell: Orb of Destruction
 15367 | Lair:2   | Reached ***** piety under Vehumet
 15553 | Lair:2   | Offered knowledge of Throw Icicle by Vehumet.
 15891 | Lair:2   | Reached skill level 13 in Conjurations
 17432 | Lair:3   | Reached skill level 14 in Conjurations
 17841 | Lair:3   | Noticed Gastronok
 17848 | Lair:3   | Killed Gastronok
 17848 | Lair:3   | Reached XP level 13. HP: 59/81 MP: 19/31
 18067 | Lair:3   | Got a steaming turquoise ring
 18068 | Lair:3   | Identified the ring "Hirarap" {Fire Dex+6} (You found it on level 3 of the Lair of Beasts)
 19059 | Lair:4   | Reached skill level 15 in Conjurations
 19650 | Lair:4   | Found a staircase to the Snake Pit.
 19653 | Lair:4   | Offered knowledge of Freezing Cloud by Vehumet.
 20172 | Lair:4   | Found a staircase to the Shoals.
 20428 | Lair:5   | Annihilated by a spiny frog

Vault maps used:
D:1:      eino_arrival_druids_welcome
D:2:      minmay_cut_off
D:3:      lemuel_doored_altar, grunt_dithmenos_smoke, minmay_quantized
D:4:      first_ration
D:5:      kennysheep_little_box, minmay_temple_entry_crystal_x
D:6:      evilmike_ruin_ashenzari, uniq_grinder
D:7:      gammafunk_temple_overflow_wave, serial_shops, shop,
          nicolae_shop_stone, nicolae_shop_stone,
          nicolae_shop_overgrown_old_shop, uniq_menkaure
D:8:      overflow_temple_1_default, the_bakery, grunt_qazlal_clouds
D:9:      grunt_lair_entry_orc_guard_hut
D:11:     zombieorc2_lemuel, kennysheep_generic_room_6
Temple:   lightli_temple_of_artemis
Lair:1:   lemuel_fruit_fields
Lair:2:   hangedman_what_comes_after_a
Lair:3:   grunt_forest_large_clearings, uniq_gastronok
Lair:4:   minmay_shoals_entry_lonely_mermaid, guppyfry_snake_entry_garden,
          st_stairs_4, minivault_24
Lair:5:   beast_lair_carwin_large_1, ebering_ghost_rock_garden,
          lab_entry_generic, serial_bayou_pond_d, lemuel_fruit_tree

Skill      XL: |  1  2  3  4  5  6  7  8  9 10 11 12 13 |
---------------+----------------------------------------+-----
Conjurations   | 5 6 7 8 9 10 11 14 15 | 15.6
Spellcasting   | 4 5 6 7 9 10 12 13 | 13.7
Charms         | 6 7 |  7.0
Fighting       | 4 7 10 | 10.0
Dodging        | 6 9 10 | 10.1
Stealth        | |  2.4

Action                   |  1- 3 |  4- 6 |  7- 9 | 10-12 | 13-15 || total
-------------------------+-------+-------+-------+-------+-------++-------
Melee: Short sword       |     3 |    11 |    16 |    27 |     2 ||    59
       Rapier            |       |       |       |    16 |       ||    16
 Cast: Magic Dart        |    41 |    54 |    55 |   365 |    25 ||   540
       Searing Ray       |     5 |    29 |    42 |   106 |    15 ||   197
       Iskenderun's Myst |       |     9 |    16 |   133 |    39 ||   197
       Iskenderun's Batt |       |       |     3 |    52 |    15 ||    70
       Orb of Destructio |       |       |       |     3 |     9 ||    12
  Use: Scroll            |     4 |    10 |     6 |     9 |     2 ||    31
       Potion            |     1 |       |     2 |       |     1 ||     4
  Eat: Chunk             |     1 |    11 |     6 |    31 |     8 ||    57
       Ration            |       |       |     1 |     4 |     1 ||     6
Armor: Leather armour    |     1 |     4 |       |    18 |       ||    23
       Ring mail         |       |     3 |    16 |    76 |    12 ||   107
Dodge: Dodged            |    12 |    49 |    55 |   384 |    77 ||   577

Table legend:
 A = Spawn XP
 B = Non-spawn XP
 C = Spawn XP percentage of total XP
 D = Spawn monster count
 E = Non-spawn monster count
 F = Spawn count percentage of total count
 G = Total turns spent on level
                    A         B        C        D         E        F      G
               +---------+---------+-------+---------+---------+-------+---------
         Total |       0 |   51270 |   0.0 |       0 |     437 |   0.0 | 20428
               +---------+---------+-------+---------+---------+-------+---------
           D:1 |       0 |      32 |   0.0 |       0 |      19 |   0.0 |   721
           D:2 |       0 |      37 |   0.0 |       0 |      10 |   0.0 |   376
           D:3 |       0 |     147 |   0.0 |       0 |      30 |   0.0 |  1075
           D:4 |       0 |      73 |   0.0 |       0 |       9 |   0.0 |   678
           D:5 |       0 |     394 |   0.0 |       0 |      15 |   0.0 |  1360
           D:6 |       0 |     959 |   0.0 |       0 |      24 |   0.0 |  1369
           D:7 |       0 |    1634 |   0.0 |       0 |      29 |   0.0 |  1165
           D:8 |       0 |    1829 |   0.0 |       0 |      16 |   0.0 |  1316
           D:9 |       0 |    4283 |   0.0 |       0 |      39 |   0.0 |  2094
          D:10 |       0 |     581 |   0.0 |       0 |      18 |   0.0 |  1334
          D:11 |       0 |    6071 |   0.0 |       0 |      67 |   0.0 |  1687
        Lair:1 |       0 |    7274 |   0.0 |       0 |      35 |   0.0 |  2223
        Lair:2 |       0 |   10547 |   0.0 |       0 |      63 |   0.0 |  1988
        Lair:3 |       0 |    7765 |   0.0 |       0 |      37 |   0.0 |  1513
        Lair:4 |       0 |    8620 |   0.0 |       0 |      23 |   0.0 |  1394
        Lair:5 |       0 |    1024 |   0.0 |       0 |       3 |   0.0 |   104
               +---------+---------+-------+---------+---------+-------+---------
